AoeStats
← Kanto

Baltic

510598485Analyzed
4v4 RM · 12h ago on Oct 1, 2026· 41m 27s· 8 players
Game mode
Random Map
Map size
Large (8 player)
Population
200
Speed
Normal
Resources
Standard
Victory
Conquest
Starting age
Dark Age
Ending age
Imperial Age
RankedLock teamsTeams togetherTeam positionsShared explorationLock speedFull tech treeHidden civsTurbo modeCheats
Victory
Defeat
🇬🇧 Franks · United Kingdom
1017
+12
🇸🇪 Japanese · Sweden
998
+13
🇹🇷 Vikings · Türkiye
969
+14
🇪🇸 Byzantines · Spain
959
+14
🇷🇺 Varangians · Russia
994
-16
🇮🇳 Lithuanians · India
916
-35
🇿🇦 Koreans · South Africa
911
-13
🇷🇺 Portuguese · Russia
864
-11
omasade89
3:42 Loom
12:53 Feudal Age
14:00 Double-Bit Axe
14:08 Gold Mining
14:35 Horse Collar
16:05 Wheelbarrow
15:28 Fishing Lines
17:15 Stone Mining
17:54 Fishing Lines
25:09 Castle Age
23:41 Arson
25:10 Scale Barding Armor
25:05 Scale Mail Armor
25:16 Forging
26:46 Hand Cart
26:58 Gillnets
27:45 Squires
27:05 Pikeman
30:59 Heavy Plow
34:50 Imperial Age
34:00 Chain Barding Armor
33:56 Chain Mail Armor
34:16 Iron Casting
33:56 Husbandry
33:17 Light Cavalry
34:25 Greek Fire
37:09 Plate Barding Armor
37:36 Conscription
38:25 Elite Varangian Guard
38:28 Heavy Camel Rider
41:43 Plate Mail Armor
Lynx77
6:49 Loom
10:37 Feudal Age
12:31 Double-Bit Axe
13:44 Horse Collar
17:28 Castle Age
15:41 Fletching
16:55 Padded Archer Armor
17:40 Crossbowman
19:21 Bodkin Arrow
28:29 Imperial Age
29:12 Bow Saw
29:05 Heavy Plow
29:22 Leather Archer Armor
29:28 Thumb Ring
31:29 Ballistics
31:58 Arbalester
34:30 Scale Mail Armor
34:31 Bracer
36:42 Conscription
37:00 Siege Engineers
39:50 Kataparuto
42:49 Two-Man Saw
Only1Tobius
5:10 Loom
12:11 Feudal Age
13:10 Double-Bit Axe
16:30 Wheelbarrow
15:49 Gold Mining
16:30 Town Watch
23:25 Castle Age
22:01 Forging
21:57 Scale Barding Armor
22:40 Fletching
24:51 Iron Casting
24:37 Chain Barding Armor
24:28 Husbandry
25:12 Medium Warships
25:12 Demolition Ship
26:33 Fishing Lines
33:15 Stone Mining
37:29 Imperial Age
39:13 Hand Cart
KarasukWarrior
9:13 Loom
11:56 Feudal Age
13:00 Double-Bit Axe
17:35 Fishing Lines
20:20 Castle Age
18:42 Fletching
18:59 Gold Mining
21:12 Bodkin Arrow
23:51 Ballistics
26:01 Bow Saw
29:58 Gillnets
34:05 Imperial Age
35:47 Chemistry
35:02 Bracer
34:27 Elite Longship
37:57 Siege Engineers
38:06 Careening
41:02 Two-Man Saw
39:49 Horse Collar
40:47 Gold Shaft Mining
40:05 Stone Mining
41:40 Dry Dock
KOMMEPCAHT
4:12 Loom
11:58 Feudal Age
13:30 Double-Bit Axe
16:38 Castle Age
15:01 Horse Collar
16:33 Wheelbarrow
18:34 Hand Cart
24:10 Bow Saw
25:14 Heavy Plow
25:07 Gold Mining
25:08 Stone Mining
27:24 Stone Shaft Mining
30:25 Vendel Legacy
33:29 Scale Barding Armor
33:34 Forging
35:56 Imperial Age
34:26 Chain Barding Armor
34:42 Iron Casting
34:15 Fletching
34:49 Ballistics
34:40 Fortified Wall
35:07 Arson
35:20 Bodkin Arrow
36:21 Husbandry
36:31 Bloodlines
36:31 Murder Holes
36:56 Elite Jarl
40:00 Plate Barding Armor
40:26 Blast Furnace
Adment_Vk
1:09 Loom
12:10 Feudal Age
18:36 Castle Age
30:23 Double-Bit Axe
30:30 Elite Skirmisher
36:36 Imperial Age
36:04 Wheelbarrow
35:42 Bow Saw
39:27 Imperial Age
Link
0:45 Loom
0:50 Loom
11:51 Feudal Age
20:31 Castle Age
36:15 Imperial Age
38:08 Fortified Wall
37:45 Elite Skirmisher
Kanto
3:32 Loom
10:44 Feudal Age
11:26 Double-Bit Axe
11:33 Horse Collar
21:17 Castle Age
20:16 Scale Barding Armor
20:50 Stone Mining
20:51 Gold Mining
24:01 Wheelbarrow
23:39 Fletching
24:11 Bodkin Arrow
26:17 Chain Barding Armor
27:03 Bow Saw
27:33 Hand Cart
27:46 Forging
27:40 Heavy Plow
28:19 Town Watch
30:50 Iron Casting
34:34 Imperial Age
35:05 Husbandry
35:15 Bloodlines
35:53 Plate Barding Armor
34:49 Elite Leitis
35:51 Conscription
35:56 Bracer
Connection lost

Rejoining the realm…

Still unreachable

The connection could not be restored.

Session expired

The server has moved on; the page needs a fresh start.